AoeStats
← EonNFluttershy

Glade

510522368Analyzed
1v1 RM · 2d ago on Oct 1, 2026· 43m 29s· 2 players
Game mode
Random Map
Map size
Tiny (2 player)
Population
200
Speed
Normal
Resources
Standard
Victory
Conquest
Starting age
Dark Age
Ending age
Imperial Age
RankedLock teamsTeams togetherTeam positionsShared explorationLock speedFull tech treeHidden civsTurbo modeCheats
Victory
Defeat
🇹🇼 Magyars · Taiwan
1270
+16
🇲🇾 Teutons · Malaysia
1260
-16
EonNFluttershy
1:39 Loom
12:28 Feudal Age
14:19 Double-Bit Axe
17:55 Castle Age
15:45 Horse Collar
18:14 Wheelbarrow
17:38 Stone Mining
22:48 Scale Mail Armor
27:57 Chain Mail Armor
29:14 Ballistics
32:19 Forging
40:49 Imperial Age
39:14 Iron Casting
41:41 Imperial Age
39:31 Bow Saw
39:24 Heavy Plow
40:56 Ironclad
41:04 Town Watch
41:06 Pikeman
43:26 Chemistry
托尼
6:51 Loom
10:06 Feudal Age
10:33 Double-Bit Axe
11:38 Horse Collar
19:05 Castle Age
17:24 Gold Mining
17:53 Fletching
18:14 Padded Archer Armor
19:07 Bloodlines
20:05 Bow Saw
23:48 Stone Mining
26:51 Scale Barding Armor
27:27 Wheelbarrow
30:17 Gold Shaft Mining
30:00 Husbandry
30:49 Hand Cart
31:00 Ballistics
31:55 Thumb Ring
33:21 Bodkin Arrow
33:41 Leather Archer Armor
33:46 Chain Barding Armor
36:43 Imperial Age
34:07 Treadmill Crane
35:08 Corvinian Army
37:47 Heavy Cavalry Archer
38:34 Bracer
40:02 Chemistry
38:39 Light Cavalry
39:46 Recurve Bow
40:10 Conscription
40:33 Parthian Tactics
41:17 Ring Archer Armor
41:24 Plate Barding Armor
40:27 Elite Magyar Huszar
42:12 Scale Mail Armor
Connection lost

Rejoining the realm…

Still unreachable

The connection could not be restored.

Session expired

The server has moved on; the page needs a fresh start.